 Dungeon Crawl Stone Soup version 0.27-a0-242-ge0fc76b88b (webtiles) character file.

Game seed: 14682531565617629953

520 gimp the Digger (level 7, -1/42 (45) HPs)
             Began as an Octopode Earth Elementalist on Feb 3, 2021.
             Slain by a wight
             ... wielding a +6 battleaxe
              (17 damage)
             ... on level 5 of the Dungeon.
             The game lasted 00:09:17 (5385 turns).

gimp the Digger (Octopode Earth Elementalist)       Turns: 5385, Time: 00:09:18

HP:   -1/42 (45)    AC:  1    Str:  8    XL:     7   Next: 21%
MP:   7/10          EV: 13    Int: 19    God:
Gold: 232           SH:  0    Dex: 12    Spells: 2/10 levels left

rFire    . . .     SeeInvis .   a - +1 dagger (speed)
rCold    . . .     Faith    .   (no shield)
rNeg     . . .     Spirit   .   (helmet restricted)
rPois    .         Reflect  .   (no amulet)
rElec    .         Harm     .   (no ring)
rCorr    .         Rampage  .   (no ring)
Will     .....                  (no ring)
Stlth    +++.......             (no ring)
HPRegen  0.14/turn              (no ring)
MPRegen  0.12/turn              (no ring)
                                (no ring)
                                (no ring)

@: drained
A: almost no armour, stealthy swim, amphibious, 8 rings, constrict 8, camouflage
1, gelatinous body 1
a: no special abilities


You were on level 5 of the Dungeon.
You visited 1 branch of the dungeon, and saw 5 of its levels.
You also visited: Sewer.

You collected 232 gold pieces.

Inventory:

Hand Weapons
 a - a +1 dagger of speed (weapon)
Missiles
 b - 168 stones
Wands
 k - a wand of iceblast (8)
Scrolls
 e - 2 scrolls of magic mapping {unknown}
 g - 4 scrolls of identify {unknown}
 j - 4 scrolls of teleportation {unknown}
 m - a scroll of remove curse
 p - a scroll of fog {unknown}
 q - 3 scrolls of immolation {unknown}
Potions
 c - 2 potions of degeneration {unknown}
 d - 4 potions of flight {unknown}
 f - 2 potions of brilliance {unknown}
 h - a potion of lignification {unknown}
 i - 8 potions of curing {unknown}
 l - 2 potions of might {unknown}
 n - a potion of invisibility {unknown}
 o - 7 potions of heal wounds


   Skills:
 + Level 2.2 Fighting
 - Level 2.0 Dodging
 - Level 2.6 Stealth
 - Level 2.0 Spellcasting
 + Level 4.1 Conjurations
 + Level 1.3 Transmutations
 * Level 6.1 Earth Magic


You had 2 spell levels left.
You knew the following spells:

 Your Spells              Type           Power        Failure   Level
a - Sandblast             Erth           50%          1%          1
b - Stone Arrow           Conj/Erth      42%          6%          3
c - Petrify               Tmut/Erth      16%          36%         4

Your spell library contained the following spells:

 Spells                   Type           Power        Failure   Level
 Passwall                 Tmut/Erth      13%          5%          2
 Lee's Rapid Deconstruct  Erth           12%          36%         5


Dungeon Overview and Level Annotations

Branches:
Dungeon (5/15)              Sewer (visited)
 Temple: D:4-7

Altars:
Ashenzari
Dithmenos
Hepliaklqana
Sif Muna
Trog
Uskayaw
Wu Jian
Yredelemnul
Zin


Innate Abilities, Weirdness & Mutations

You cannot wear most types of armour.
You are very stealthy in the water. (Stealth+)
You are amphibious.
You can wear up to eight rings at the same time.
You can use your tentacles to constrict eight enemies at once.
Your skin changes colour to match your surroundings (Stealth+).
Your rubbery body absorbs attacks. (AC +1, EV +1)


Message History

The blast of sand hits the wight but does no damage.
The wight is severely damaged.
The wight hits you with a +6 battleaxe.
You feel drained.
You take 6 damage, and have 39/44 hp.
You now have 6/10 mp.
Casting: Sandblast (safe; 1% risk of failure)
Confirm with . or Enter, or press ? or * to list all spells.
Aiming: Sandblast (safe; 1% risk of failure)
Press: ? - help, Shift-Dir - straight line, f/p - wight
Aim: a wight, wielding a +6 battleaxe and wearing a +0 robe (severely damaged, 19% to evade)
The blast of sand hits the wight.
The wight is severely damaged.
A wight comes into view. It is wielding a -2 morningstar.
A wight comes into view. It is wielding a +0 hand axe.
The wight hits you with a +6 battleaxe!
You feel drained.
You take 25 damage, and have 14/42 hp.
MASSIVE DAMAGE!!
You now have 5/10 mp.
There is a stone staircase leading down here.
The wight throws a javelin.
The javelin completely misses you.
There is a stone staircase leading up here.
The wight hits you with a +6 battleaxe!
You die...

#..................###...#.
#.............z...## ######
#..........#.....##
#...........z#####
#...#........#
#............#
####............#
#......#.....z..#
#............@..#
#.######........# ###
#........# ##########


You could see 3 wights.

Vanquished Creatures
  A bullfrog (D:3)
  2 big kobolds (Sewer)
  2 worker ants
  3 gnolls (D:3)
  7 adders
  A howler monkey skeleton (D:4)
  3 river rats (Sewer)
  An adder skeleton (D:4)
  4 worms
  2 dart slugs
  5 leopard geckos
  5 orcs
  8 ball pythons
  A giant cockroach (D:1)
  8 goblins
  6 hobgoblins
  7 jackals (D:2)
  18 kobolds
  4 quokkas
  7 bats
  9 frilled lizards
  28 rats
132 creatures vanquished.

Vanquished Creatures (others)
  5 plants (D:1)
5 creatures vanquished.

Grand Total: 137 creatures vanquished

Notes
Turn   | Place    | Note
-------+----------+-------------------------------------------
     0 | D:1      | gimp the Octopode Earth Elementalist began the quest for
                  | the Orb.
     0 | D:1      | Reached XP level 1. HP: 11/11 MP: 3/3
   124 | D:1      | Reached XP level 2. HP: 10/17 MP: 0/5
  1186 | D:1      | Reached skill level 4 in Earth Magic
  1386 | D:2      | Reached XP level 3. HP: 21/21 MP: 2/6
  1452 | D:2      | Learned a level 3 spell: Stone Arrow
  2003 | D:2      | Found a hide-covered altar of Uskayaw.
  2003 | D:2      | Found a glowing silver altar of Zin.
  2004 | D:2      | Found a shimmering blue altar of Sif Muna.
  2115 | D:2      | Reached skill level 1 in Conjurations
  2355 | D:2      | Reached XP level 4. HP: 27/27 MP: 5/7
  2668 | D:3      | Noticed a bullfrog
  2676 | D:3      | Killed a bullfrog
  2677 | D:3      | Reached skill level 1 in Fighting
  2677 | D:3      | Reached XP level 5. HP: 14/33 MP: 2/8
  3503 | D:3      | Reached skill level 5 in Earth Magic
  3750 | D:3      | Found a basalt altar of Yredelemnul.
  3756 | D:3      | Learned a level 4 spell: Petrify
  3872 | D:4      | Found a broken altar of Ashenzari.
  3874 | D:4      | Found a glowing drain.
  3932 | Sewer    | Entered a sewer
  4002 | Sewer    | Noticed a big kobold
  4006 | Sewer    | Killed a big kobold
  4007 | Sewer    | Reached XP level 6. HP: 38/38 MP: 4/9
  4897 | D:4      | Reached XP level 7. HP: 44/44 MP: 5/10
  5011 | D:4      | Reached skill level 6 in Earth Magic
  5138 | D:4      | Found a shadowy altar of Dithmenos.
  5165 | D:4      | Found a bloodstained altar of Trog.
  5165 | D:4      | Found a hazy altar of Hepliaklqana.
  5168 | D:4      | Found an ornate altar of the Wu Jian Council.
  5257 | D:5      | Entered Level 5 of the Dungeon
  5385 | D:5      | Slain by a wight

Illustrated notes

Levels and vault maps discovered:
D:1:      wander_arrival_chamber, layout_loops_ring, solitary_fountain,
          minivault_4, st_stairs_5, fountainhead, minmay_lizard_king
D:2:      minmay_chambers_of_ones, layout_loops_corners,
          chequers_temple_overflow_statue_of_worship, grunt_ministairs_3,
          minmay_heptomino_h4
D:3:      layout_loops_ring, yredelemnul_altar_generic
D:4:      layout_rooms, ashenzari_altar_1, minitemple,
          cheibrodos_sewer_entry_sluice
D:5:      layout_rooms, grunt_gozag_statues, dk_rats_in_the_wall

Skill      XL: |  1  2  3  4  5  6  7 |
---------------+----------------------+-----
Earth Magic    | 4 5 6 |  6.1
Conjurations   | 1 2 3 4 |  4.1
Fighting       | 1 2 |  2.2
Dodging        | |  2.0
Stealth        | |  2.6
Spellcasting   | |  2.0
Transmutations | |  1.3

Action                   |  1- 3 |  4- 6 |  7- 9 || total
-------------------------+-------+-------+-------++-------
Melee: Unarmed           |    61 |    24 |       ||    85
       Constrict         |    16 |     7 |     1 ||    24
       Tentacles         |    12 |     3 |       ||    15
       Dagger            |       |     7 |     1 ||     8
 Cast: Sandblast         |    33 |   102 |    27 ||   162
  Use: Scroll            |     1 |       |       ||     1
 Stab: Sleeping          |     6 |     1 |       ||     7
Armor: Skin              |     4 |    12 |       ||    16
Dodge: Dodged            |    42 |    39 |     6 ||    87

Table legend: (Time is in decaauts)
 A = Elapsed time spent in this place.
 B = Non-inter-level travel time spent in this place.
 C = Inter-level travel time spent in this place.
 D = Time resting spent in this place.
 E = Time spent auto-exploring this place.
 F = Levels seen in this place.
 G = Mean time per level.
                   A        B        C        D        E       F      G
               +--------+--------+--------+--------+--------+-----+--------+
         Total |   5382 |   5222 |    160 |    247 |   4127 |   6 |  897.0 |
       Dungeon |   4437 |   4277 |    160 |    247 |   3376 |   5 |  887.4 |
         Sewer |    944 |    944 |      0 |      0 |    751 |   1 |  944.0 |
               +--------+--------+--------+--------+--------+-----+--------+

Top non-repeatable levels by time:
     D:2: 1366 daAuts
     D:1: 1287 daAuts
     D:3: 1261 daAuts
   Sewer: 944 daAuts
     D:4: 394 daAuts
     D:5: 127 daAuts
